 Dungeon Crawl Stone Soup version 0.26-a0-926-g43279f1ce9 (webtiles) character file.

Game seed: 595231932819738589

100 EWolf27 the Ruffian (level 4, 0/45 HPs)
             Began as a Troll Berserker on Nov 26, 2020.
             Was a Believer of Trog.
             Slain by an orc wizard
             ... wielding a +0 dagger
              (1 damage)
             ... on level 2 of the Dungeon.
             The game lasted 00:05:15 (1235 turns).

EWolf27 the Ruffian (Troll Berserker)               Turns: 1235, Time: 00:05:15

Health: 0/45       AC:  6    Str: 25    XL:     4   Next: 46%
Magic:  3/3        EV: 10    Int:  4    God:    Trog [**....]
Gold:   67         SH:  0    Dex:  9    Spells: 3/3 levels left

rFire    . . .     SeeInvis .     - Unarmed
rCold    . . .     Faith    .   (no shield)
rNeg     . . .     Spirit   .   a - +0 animal skin
rPois    .         Reflect  .   (helmet restricted)
rElec    .         Harm     .   (no cloak)
rCorr    .         Rampage  .   (gloves unavailable)
MR       .....                  (boots unavailable)
Stlth    +.........             (no amulet)
HPRegen  0.55/turn              (no ring)
MPRegen  0.08/turn              (no ring)

@: confused, lethally poisoned (0 -> 0)
A: large, unfitting armour, claws 3, regeneration 1, shaggy fur 1, tough skin 3
a: Berserk, Trog's Hand, Renounce Religion


You were on level 2 of the Dungeon.
You worshipped Trog.
Trog was pleased with you.
You visited 1 branch of the dungeon, and saw 2 of its levels.

You collected 67 gold pieces.

Inventory:

Armour
 a - a +0 animal skin (worn)
Scrolls
 c - a scroll of amnesia {unknown}
 d - 6 scrolls of enchant armour {unknown}
 e - a scroll of teleportation {unknown}
 f - a scroll of remove curse {unknown}
 g - a scroll of fear {unknown}
 h - 3 scrolls of identify {unknown}
Potions
 b - a potion of might {unknown}
 i - a potion of degeneration {unknown}


   Skills:
 * Level 3.3 Fighting
 + Level 2.9 Dodging
 * Level 4.0 Unarmed Combat


You had 3 spell levels left.
You didn't know any spells.
Your spell library was empty.

Dungeon Overview and Level Annotations

Branches:
Dungeon (2/15)

Altars:


Innate Abilities, Weirdness & Mutations

You are too large for most types of armour.
You have claws for hands.
Your natural rate of healing is unusually fast.
You are covered in fur. (AC +1)
You have extremely tough skin. (AC +3)


Message History

You start resting.
You feel sick. Something hits you but does no damage.
You start resting.
You feel sick.
You hear some strange, mumbled words.
A magic dart appears from out of thin air!
The magic dart hits you.
* * * LOW HITPOINT WARNING * * *
There is a strange disturbance nearby!
There is a strange disturbance nearby!
You hear some strange, mumbled words.
You are confused.
You're too confused to move!
You feel sick.
You bump into the rock wall.
You feel sick. Something completely misses you.
You completely miss something. Something hits you but does no damage.
You bump into the rock wall.
You feel sick.
You hear some strange, mumbled words.
A puff of flame appears from out of thin air!
The puff of flame hits you!
* * * LOW HITPOINT WARNING * * *
You bump into the rock wall.
Something hits you.
You die...

#.....####.....# #.#
#.....##...##..# #.#
'.....'...>#...####.#
#.....##.#.#..##....#
#.....+..#.#...#.####
#.....####.#####.#
###'#.# #.. #.#
###.#.# ### #.#
....#.### #@#
(.....#<# #{#
..#.###.# #...))#
....# #.# #.#...#
#...###.# #....
........# .....
.#..##### ###....
....# ..... ##.†# .
######


There were no monsters in sight!

Vanquished Creatures
  An orc priest (D:2)
  An adder (D:2)
  A worm (D:2)
  A dart slug (D:2)
  3 leopard geckos
  3 orcs (D:2)
  4 giant cockroaches
  9 goblins
  9 hobgoblins
  6 bats
  A frilled lizard (D:2)
  3 kobolds
  6 rats
48 creatures vanquished.

Notes
Turn   | Place    | Note
-------+----------+-------------------------------------------
     0 | D:1      | EWolf27 the Troll Berserker began the quest for the Orb.
     0 | D:1      | Reached XP level 1. HP: 22/22 MP: 0/0
   162 | D:1      | Reached XP level 2. HP: 29/29 MP: 1/1
   826 | D:2      | Reached XP level 3. HP: 34/36 MP: 2/2
   834 | D:2      | Reached ** piety under Trog
  1218 | D:2      | Reached XP level 4. HP: 39/45 MP: 3/3
  1225 | D:2      | Reached skill level 4 in Unarmed Combat
  1234 | D:2      | HP: 1/45 [something/puff of flame (8)]
  1235 | D:2      | Slain by an orc wizard

Illustrated notes

Levels and vault maps discovered:
D:1:      psy_arrival_spokes, layout_basic, minivault_23,
          minmay_worlds_worst_comb
D:2:      layout_basic

Skill      XL: |  1  2  3  4 |
---------------+-------------+-----
Fighting       | 3 |  3.3
Unarmed Combat | 4 |  4.0
Dodging        | |  2.9

Action                   |  1- 3 |  4- 6 || total
-------------------------+-------+-------++-------
Melee: Unarmed           |    90 |     8 ||    98
       Punch             |     1 |       ||     1
Armor: Animal skin       |    48 |     4 ||    52
Dodge: Dodged            |    70 |     8 ||    78

Table legend: (Time is in decaauts)
 A = Elapsed time spent in this place.
 B = Non-inter-level travel time spent in this place.
 C = Inter-level travel time spent in this place.
 D = Time resting spent in this place.
 E = Time spent auto-exploring this place.
 F = Levels seen in this place.
 G = Mean time per level.
                   A        B        C        D        E       F      G
               +--------+--------+--------+--------+--------+-----+--------+
         Total |   1228 |   1210 |     18 |    102 |    688 |   2 |  614.0 |
       Dungeon |   1228 |   1210 |     18 |    102 |    688 |   2 |  614.0 |
               +--------+--------+--------+--------+--------+-----+--------+

Top non-repeatable levels by time:
     D:1: 802 daAuts
     D:2: 426 daAuts
